 Dungeon Crawl Stone Soup version 0.18.1-48-g4cf74bf (webtiles) character file.

5824 Groucho the Blocker (level 10, 0/86 HPs)
             Began as a Minotaur Fighter on July 7, 2016.
             Was a Priest of Dithmenos.
             Slain by an orc warrior
             ... wielding a +0 mace
              (14 damage)
             ... on level 9 of the Dungeon.
             The game lasted 00:22:21 (9952 turns).

Groucho the Blocker (Minotaur Fighter)              Turns: 9952, Time: 00:22:21

Health: 0/86       AC: 16    Str: 23    XL:     10   Next: 51%
Magic:  9/9        EV:  7    Int:  5    God:    Dithmenos [***...]
Gold:   176        SH: 12    Dex: 11    Spells: 0 memorised, 9 levels left

rFire  . . .     SeeInvis .     a - +0 war axe
rCold  . . .     Gourm    .     y - +0 plate armour
rNeg   . . .     Faith    .     c - +0 shield
rPois  .         Spirit   .     (helmet restricted)
rElec  .         Dismiss  .     (no cloak)
rCorr  .         Reflect  .     p - +0 pair of gloves
SustAt .         Harm     .     A - +0 pair of boots (curse)
MR     .....                    (no amulet)
Stlth  ..........               (no ring)
                                j - ring of stealth

@: slowed, wreathed by umbra, drained, very slow, not resistant to hostile
enchantments, extremely unstealthy
A: retaliatory headbutt, horns 2
a: Shadow Step, Renounce Religion


You were on level 9 of the Dungeon.
You worshipped Dithmenos.
Dithmenos was most pleased with you.
You were hungry.

You visited 2 branches of the dungeon, and saw 10 of its levels.

You collected 176 gold pieces.

Inventory:

Hand Weapons
 a - a +0 war axe (weapon)
Missiles
 m - 298 stones
 r - a tomahawk (quivered)
Armour
 c - a +0 shield (worn)
 p - a +0 pair of gloves (worn)
 y - a +0 plate armour (worn)
 A - a cursed +0 pair of boots (worn)
Jewellery
 j - a ring of stealth (left hand)
 o - an uncursed amulet of harm
Wands
 B - a wand of iceblast (10/15)
Scrolls
 d - 3 scrolls of amnesia {unknown}
 g - 4 scrolls of identify
 h - 3 scrolls of remove curse {unknown}
 k - a scroll of random uselessness {unknown}
 s - 5 scrolls of teleportation {unknown}
 w - a scroll of enchant weapon {unknown}
 C - a scroll of blinking {unknown}
Potions
 b - a potion of brilliance {unknown}
 e - 2 potions of curing
 l - 2 potions of magic {unknown}
 n - a potion of degeneration {unknown}
 q - 3 potions of mutation {unknown}
 t - 3 potions of heal wounds {unknown}
 u - 2 potions of agility
 v - a potion of ambrosia {unknown}
 z - 2 potions of haste {unknown}
Comestibles
 f - 7 bread rations
 i - 6 meat rations
 x - 2 beef jerkies


   Skills:
 + Level 7.2(6.9) Fighting
 * Level 9.0(8.6) Axes
 + Level 4.6(4.3) Throwing
 * Level 9.1(8.7) Armour
 + Level 5.1(4.8) Dodging
 * Level 9.6(9.2) Shields
 + Level 4.8(4.4) Unarmed Combat


You had 9 spell levels left.
You didn't know any spells.

Dungeon Overview and Level Annotations

Branches:
Dungeon (9/15)             Temple (1/1) D:6
   Lair: D:8-11         Orc: D:9-12

Altars:
Cheibriados
Dithmenos
Elyvilon
Fedhas
Gozag
Nemelex Xobeh
Okawaru
Pakellas
Qazlal
Ru
Sif Muna
Trog
Vehumet
Xom
Yredelemnul
Zin
The Shining One

Shops:
D:4 [   D:6 %

Annotations:
D:8 Maurice


Innate Abilities, Weirdness & Mutations

You reflexively headbutt those who attack you in melee.
You have a pair of horns on your head.


Message History

You are too injured to fight recklessly!
Unknown command.
You closely miss the orc warrior.
You headbutt the orc warrior, but do no damage.
You slash the orc priest!
The orc priest is heavily wounded.
You barely miss the orc.
The orc warrior hits you but does no damage.
An orc comes into view.
The orc shouts!
You hit the orc warrior but do no damage.
You headbutt the orc warrior, but do no damage.
You hit the orc.
The orc is almost dead.
You closely miss the orc.
You hit the orc warrior but do no damage.
The orc wizard mumbles some strange words.
The orc wizard blinks!
The orc hits you but does no damage. The orc warrior hits you with a mace!
You die...

## . ##.# ..#...#
.......########
....oh.o.......
o...ooooo......
#@o...... #........ ###
########ยง.....o.
#.###.#.............
#.#...#.........[...
#####.#...#..........###
......#...#..........#
......#...#..######..#
......###.'..# ...#


You could see 2 orc warriors, a black bear, an orc priest, 2 orc wizards and 5
orcs.

Vanquished Creatures
  Pikel (D:6)
  The ghost of Groucho the Cudgeler, a novice GrFi (D:7)
  The ghost of BoredOne the Skirmisher, a novice HOFi of Makhleb (D:5)
  The ghost of BoredOne the Skirmisher, a novice HOFi (D:4)
  Grinder (D:4)
  A wyvern (D:8)
  Grum (D:8)
  2 hippogriffs (D:8)
  A hungry ghost (D:8)
  Duvessa (D:4)
  Purgy (D:3)
  An orc warrior (D:9)
  2 slaves (D:6)
  3 ice beasts
  A sky beast (D:5)
  4 ogres
  2 wolves (D:8)
  3 giant frogs
  A gnoll sergeant (D:5)
  Dowan (D:3)
  A jelly (D:6)
  A wyvern skeleton (D:8)
  A scorpion (D:3)
  A water moccasin skeleton (D:4)
  4 wights
  5 killer bees (D:7)
  3 howler monkeys (D:6)
  6 crimson imps
  A giant frog zombie (D:3)
  A giant frog skeleton (D:7)
  2 hounds
  2 iguanas
  3 orc priests
  7 orc wizards
  9 worker ants
  A hound skeleton (D:4)
  A worker ant zombie (D:9)
  9 gnolls
  A howler monkey skeleton (D:8)
  8 adders
  A shadow imp (D:4)
  4 oozes
  An adder skeleton (D:6)
  5 worms
  4 dart slugs
  3 giant geckos
  51 orcs
  2 ball pythons (D:2)
  6 bats
  7 giant cockroaches
  8 goblins
  14 hobgoblins
  9 jackals
  16 kobolds
  A quokka (D:3)
  2 giant gecko skeletons (D:8)
  A giant gecko zombie (D:5)
  5 giant newts
  A quokka zombie (D:7)
  10 rats
  A bush (D:1)
249 creatures vanquished.

Vanquished Creatures (others)
  Blork the orc (D:5)
  A jelly (D:6)
  A crimson imp (D:6)
  2 gnolls (D:6)
  A bush (D:1)
6 creatures vanquished.

Grand Total: 255 creatures vanquished

Notes
Turn   | Place    | Note
--------------------------------------------------------------
     0 | D:1      | Groucho the Minotaur Fighter began the quest for the Orb.
     0 | D:1      | Reached XP level 1. HP: 19/19 MP: 0/0
   101 | D:1      | Reached XP level 2. HP: 27/27 MP: 1/1
   716 | D:1      | Reached XP level 3. HP: 33/33 MP: 2/2
   731 | D:2      | Reached skill level 1 in Dodging
  1195 | D:2      | Reached XP level 4. HP: 40/40 MP: 3/3
  1213 | D:2      | Found a radiant altar of Vehumet.
  1442 | D:2      | Reached skill level 1 in Unarmed Combat
  2083 | D:3      | Found a blossoming altar of Fedhas.
  2096 | D:3      | Reached skill level 1 in Throwing
  2142 | D:3      | Noticed Purgy
  2154 | D:3      | Killed Purgy
  2154 | D:3      | Reached skill level 5 in Shields
  2154 | D:3      | Reached XP level 5. HP: 22/46 MP: 4/4
  2788 | D:3      | Found a shimmering altar of Xom.
  2819 | D:3      | Reached XP level 6. HP: 51/52 MP: 5/5
  3041 | D:3      | Reached skill level 5 in Armour
  3417 | D:4      | Noticed Duvessa
  3417 | D:4      | Noticed Dowan
  3647 | D:4      | Killed Duvessa
  3647 | D:4      | Reached XP level 7. HP: 53/60 MP: 6/6
  3660 | D:3      | Killed Dowan
  4047 | D:4      | Noticed BoredOne's ghost (novice HOFi)
  4055 | D:4      | Killed BoredOne's ghost
  4055 | D:4      | Reached skill level 5 in Axes
  4055 | D:4      | Reached XP level 8. HP: 67/67 MP: 7/7
  4102 | D:4      | Found Ysavyifi's Antique Armour Shoppe.
  4142 | D:4      | Found an oddly glowing altar of Pakellas.
  4177 | D:4      | Found a bloodstained altar of Trog.
  4182 | D:4      | Reached skill level 5 in Fighting
  4187 | D:4      | Noticed Grinder
  4195 | D:4      | Killed Grinder
  4724 | D:4      | Found a white marble altar of Elyvilon.
  4787 | D:4      | Found a shadowy altar of Dithmenos.
  4828 | D:4      | Became a worshipper of Dithmenos the Shadowed
  5019 | D:5      | Entered Level 5 of the Dungeon
  5349 | D:5      | Reached * piety under Dithmenos
  5556 | D:5      | Reached XP level 9. HP: 75/75 MP: 8/8
  5607 | D:5      | Noticed Blork the orc
  5635 | D:5      | Found a deep blue altar of Sif Muna.
  5640 | D:5      | Killed Blork the orc
  6169 | D:5      | Noticed BoredOne's ghost (novice HOFi)
  6188 | D:5      | Killed BoredOne's ghost
  6536 | D:5      | Reached ** piety under Dithmenos
  6780 | D:5      | Found a snail-covered altar of Cheibriados.
  7024 | D:6      | Found Royblafa's Food Boutique.
  7024 | D:6      | Noticed Pikel
  7049 | D:6      | Killed Pikel
  7719 | D:6      | Found a staircase to the Ecumenical Temple.
  7725 | Temple   | Entered the Ecumenical Temple
  8586 | D:7      | Noticed Groucho's ghost (novice GrFi)
  8615 | D:7      | Killed Groucho's ghost
  8615 | D:7      | Reached XP level 10. HP: 67/84 MP: 9/9
  8681 | D:7      | Reached *** piety under Dithmenos
  9038 | D:8      | Noticed Grum
  9051 | D:8      | Killed Grum
  9130 | D:8      | Found a glowing silver altar of Zin.
  9261 | D:8      | Noticed Maurice
  9711 | D:8      | Reached skill level 5 in Dodging
  9952 | D:9      | Slain by an orc warrior

Skill      XL: |  1  2  3  4  5  6  7  8  9 10 |
---------------+-------------------------------+-----
Shields        | 4 5 6 7 9 |  9.6
Dodging        | 1 2 3 4 5 |  5.1
Axes           | 3 4 5 6 8 9 |  9.0
Armour         | 4 5 6 8 9 |  9.1
Unarmed Combat | 1 2 3 4 |  4.8
Throwing       | 1 2 3 4 |  4.6
Fighting       | 4 5 6 7 |  7.2

Action                   |  1- 3 |  4- 6 |  7- 9 | 10-12 || total
-------------------------+-------+-------+-------+-------++-------
Melee: War axe           |   166 |   167 |   379 |   183 ||   895
       Headbutt          |    42 |    18 |    76 |    45 ||   181
Throw: Javelin           |       |     7 |     8 |       ||    15
       Stone             |       |       |     9 |       ||     9
  Use: Potion            |       |       |     4 |     1 ||     5
       Scroll            |       |       |     4 |       ||     4
  Eat: Chunk             |       |     4 |     4 |     5 ||    13
       Bread ration      |       |     1 |       |     1 ||     2
       Meat ration       |       |       |     1 |       ||     1
       Fruit             |       |       |     3 |       ||     3
       Pizza             |       |       |     2 |       ||     2
       Beef jerky        |       |       |     1 |       ||     1
Armor: Scale mail        |    36 |    90 |    95 |       ||   221
       Plate armour      |       |       |    37 |    81 ||   118
Dodge: Dodged            |    29 |    58 |   149 |    48 ||   284
Block: Shield            |    63 |   102 |   215 |   106 ||   486
